Map: Abyssal Reef LE

Players

Elroye - Winner!

  • Race: Zerg Zerg
  • Spawn Location: 11:00

MperorM

  • Race: Terran Terran
  • Spawn Location: 5:00

Event: WCS Valencia 2017

VOD

Have the link to the VOD?

Description

Time

  • Played on: July 13, 2017, 10:26 a.m.
  • Length: 13:49

All games in this series

Show
View Real Time Build Order
Export as new Build Order

Elroye Zerg - Winner!

Build Orders: Hatch First 

Get SALT Encoding   

  12  0:00  Drone  
  13  0:13  Overlord  
  13  0:17  Drone  
  14  0:31  Drone  
  14  0:32  Drone  
  16  0:36  Drone  
  17  0:52  Hatchery  
  17  0:55  Drone  
  17  0:58  Drone  
  18  1:04  Extractor  
  17  1:14  Spawning Pool  
  17  1:17  Drone  
  17  1:20  Drone  
  18  1:29  Drone  
  19  1:39  Overlord  
  19  2:01  Zergling x4  
  19  2:02  Queen  
  19  2:04  Queen  
  19  2:05  Metabolic Boost  
  19  2:08  Drone  
  26  2:13  Drone  
  27  2:15  Drone  
  28  2:23  Drone  
  28  2:26  Drone  
  30  2:35  Drone  
  31  2:39  Overlord  
  31  2:41  Queen  
  32  2:44  Queen  
  32  2:47  Drone  
  35  3:06  Drone x4  
  39  3:16  Overlord  
  39  3:19  Drone x4  
  43  3:34  Hatchery  
  42  3:45  Drone x3  
  42  3:46  Drone x2, Overlord  
  47  3:49  Queen  
  47  3:54  Drone x2  
  51  4:06  Drone x5  
  56  4:12  Drone  
  56  4:13  Drone  
  56  4:15  Extractor, Queen, Evolution Chamber  
  58  4:17  Evolution Chamber  
  58  4:21  Overlord  
  58  4:23  Overlord  
  56  4:24  Drone  
  56  4:25  Drone x2  
  59  4:38  Queen  
  59  4:43  Overlord  
  61  4:45  Zerg Ground Armor Level 1, Zerg Melee Weapons Level 1  
  61  4:52  Zergling x10  
  66  4:59  Drone  
  67  5:00  Baneling Nest, Drone  
  67  5:01  Drone  
  67  5:02  Zergling x4  
  67  5:03  Zergling x2  
  71  5:07  Queen  
  71  5:13  Zergling x2  
  71  5:14  Zergling x4  
  76  5:18  Zergling x4  
  79  5:28  Drone x2  
  79  5:29  Drone x6  
  79  5:33  Extractor  
  79  5:35  Extractor, Lair  
  85  5:38  Hatchery  
  83  5:43  Baneling  
  83  5:44  Baneling x6  
  83  5:47  Baneling  
  83  5:48  Zergling x6  
  83  5:49  Zergling x2  
  87  5:50  Drone x2  
  87  5:51  Overlord  
  87  5:52  Overlord  
  87  5:57  Extractor  
  89  6:10  Drone x2  
  89  6:11  Drone x6  
  83  6:12  Drone  
  81  6:35  Drone x6  
  81  6:39  Zergling x2  
  90  6:40  Zergling x8, Centrifical Hooks  
  90  6:45  Hydralisk Den  
  89  6:53  Queen  
  93  6:55  Zergling x6  
  93  7:07  Baneling x3  
  93  7:08  Zergling x12  
  88  7:14  Zerg Ground Armor Level 2, Zerg Melee Weapons Level 2  
  85  7:16  Zergling x6  
  85  7:17  Zergling x4  
  86  7:28  Zergling x6  
  87  7:33  Muscular Augments  
  87  7:37  Hydralisk x2  
  87  7:43  Zergling x10  
  96  7:47  Extractor, Hydralisk  
  96  7:49  Hatchery  
  96  7:57  Hydralisk x2  
  96  7:58  Zergling x2  
  101  8:18  Zergling x20  
  111  8:24  Overseer, Pneumatized Carapace  
  104  8:27  Drone x3  
  104  8:31  Spore Crawler  
  104  8:33  Hydralisk  
  104  8:34  Hydralisk x2  
  106  8:35  Overlord x4  
  106  8:36  Overlord  
  112  8:45  Overlord  
  112  8:51  Baneling x6  
  112  8:52  Baneling x9  
  112  8:53  Zergling x20  
  112  8:54  Zergling x2  
  122  9:06  Zergling x10  
  122  9:07  Zergling x8  
  122  9:08  Zergling x4  
  133  9:11  Baneling x3  
  133  9:15  Drone x3, Overlord  
  136  9:23  Zergling x14  
  136  9:24  Zergling x2  
  142  9:26  Baneling x6  
  140  9:37  Zergling x2  
  140  9:38  Zergling x20  
  137  9:57  Drone  
  137  9:58  Drone x6  
  144  10:02  Zerg Missile Weapons Level 1  
  144  10:03  Infestation Pit, Zergling x16  
  144  10:04  Zergling x2  
  144  10:05  Baneling x7  
  144  10:06  Baneling x2  
  152  10:09  Hatchery  
  152  10:12  Baneling  
  152  10:13  Baneling x6  
  151  10:22  Zergling x2  
  151  10:23  Zergling x18  
  159  10:40  Zergling x28  
  159  10:42  Baneling x12  
  172  10:43  Zergling x2  
  151  11:00  Hydralisk x7, Zergling x4  
  151  11:04  Hydralisk x2  
  163  11:12  Zergling x16  
  144  11:27  Hydralisk x5  
  144  11:32  Hive  
  142  11:34  Hydralisk x4  
  120  12:02  Hydralisk x3  
  120  12:03  Zergling x16  
  129  12:10  Zergling x24  
  141  12:16  Zergling x2  
  141  12:17  Zergling x8  
  141  12:19  Baneling  
  141  12:20  Baneling  
  146  12:23  Baneling  
  146  12:24  Baneling x3  
  146  12:25  Baneling x7  
  146  12:26  Baneling, Zergling x8  
  146  12:27  Zergling x2  
  151  12:30  Baneling x3  
  151  12:36  Zergling x14  
  158  12:37  Zergling x2  
  159  12:51  Zergling x26  
  158  12:52  Zergling x2  
  168  12:58  Baneling  
  168  12:59  Baneling x13  
  168  13:14  Ultralisk Cavern  
  168  13:15  Drone x4  
  168  13:17  Extractor  
Show
View Real Time Build Order
Export as new Build Order

MperorM Terran 

Build Orders: Reaper Expand, MMM Bio 

Get SALT Encoding   

  12  0:00  SCV  
  13  0:12  SCV  
  14  0:17  Supply Depot  
  14  0:25  SCV  
  15  0:38  SCV  
  15  0:40  Barracks  
  16  0:44  Refinery  
  16  0:50  SCV  
  17  1:02  SCV  
  18  1:14  SCV  
  19  1:27  Orbital Command, Reaper  
  20  1:41  Command Center  
  20  1:53  Barracks  
  20  1:57  SCV  
  20  2:00  Barracks Reactor  
  21  2:09  SCV  
  21  2:11  Supply Depot  
  22  2:22  Factory  
  22  2:23  SCV  
  22  2:29  Refinery  
  23  2:35  SCV  
  23  2:36  Marine  
  23  2:37  Marine  
  25  2:39  Barracks Tech Lab  
  26  2:48  SCV  
  27  2:54  Orbital Command  
  27  2:55  Marine x2  
  29  2:58  Marine  
  29  3:04  SCV  
  31  3:07  Stimpack  
  31  3:13  Marine x2  
  31  3:16  SCV  
  31  3:18  Marine  
  35  3:25  Starport  
  36  3:27  SCV  
  36  3:30  Factory Reactor  
  36  3:32  Marine  
  37  3:35  Marine  
  37  3:36  SCV  
  37  3:39  Marine  
  37  3:40  SCV  
  40  3:48  SCV  
  40  3:49  Refinery  
  40  3:50  Marine  
  40  3:53  Marine, Supply Depot  
  42  3:56  Marine  
  42  3:59  SCV  
  44  4:09  SCV  
  45  4:14  Medivac x2  
  45  4:16  Supply Depot x2  
  49  4:21  SCV x2, Marine  
  49  4:22  Marine  
  49  4:24  Marine  
  54  4:31  Liberator  
  54  4:36  Liberator  
  54  4:38  SCV x2  
  56  4:41  Marine x2, Supply Depot  
  56  4:42  Supply Depot  
  58  4:50  SCV  
  62  4:55  Marine  
  62  4:57  Factory Reactor  
  67  5:00  SCV  
  67  5:04  Marine x2  
  67  5:06  SCV  
  70  5:09  Supply Depot  
  70  5:12  SCV  
  70  5:13  Marine  
  72  5:18  SCV  
  73  5:24  SCV  
  73  5:25  Marine x2  
  76  5:30  SCV  
  76  5:33  Widow Mine  
  76  5:35  Widow Mine  
  79  5:37  Command Center  
  81  5:43  Marine x3  
  81  5:44  SCV  
  81  5:45  SCV, Combat Shields  
  86  5:54  Medivac x2  
  86  5:56  SCV  
  86  5:57  SCV  
  92  6:04  Engineering Bay  
  92  6:05  Engineering Bay  
  92  6:08  SCV  
  93  6:15  SCV  
  93  6:18  Marine x2  
  92  6:20  SCV  
  94  6:30  Marauder, SCV  
  94  6:32  Barracks  
  91  6:33  Barracks  
  91  6:37  Terran Infantry Armor Level 1, Terran Infantry Weapons Level 1, Supply Depot  
  91  6:38  SCV, Widow Mine  
  91  6:39  Supply Depot  
  94  6:46  Marine, Widow Mine  
  97  6:47  Marine  
  97  6:50  Supply Depot  
  97  6:51  SCV x2  
  100  7:03  SCV  
  100  7:05  SCV, Marine  
  100  7:06  Marauder, Marine  
  92  7:15  SCV  
  89  7:19  SCV  
  89  7:21  Barracks Reactor  
  89  7:22  Supply Depot  
  87  7:23  Barracks Reactor, Marine, Orbital Command  
  87  7:25  Refinery  
  87  7:27  SCV  
  86  7:30  Marine  
  86  7:31  Liberator, Marauder  
  86  7:34  Liberator, Armory  
  89  7:42  SCV x2  
  91  7:46  Widow Mine x2  
  91  7:50  Barracks  
  98  7:56  SCV  
  102  8:00  Marine x5, Supply Depot  
  102  8:02  Marine  
  102  8:03  Marine  
  102  8:04  SCV  
  105  8:10  SCV  
  106  8:14  Liberator, Widow Mine  
  106  8:15  Widow Mine  
  106  8:16  Starport, Refinery  
  106  8:19  SCV  
  107  8:31  Marine  
  107  8:32  Terran Infantry Armor Level 2, Marine x3, Marauder  
  116  8:35  Marine, SCV  
  116  8:39  Refinery  
  118  8:45  Barracks Reactor  
  118  8:46  Widow Mine, Terran Infantry Weapons Level 2  
  120  8:55  Command Center  
  120  8:58  Starport Tech Lab  
  120  8:59  Barracks  
  120  9:02  Marine x4  
  122  9:03  Marauder, Marine x2  
  122  9:07  Supply Depot  
  128  9:12  SCV  
  122  9:21  Engineering Bay  
  122  9:23  Marine  
  122  9:24  Marauder, Marine x5  
  123  9:25  SCV, Widow Mine  
  133  9:37  Marine x2  
  130  9:42  Liberator x3  
  130  9:44  Marine x6  
  114  9:45  Marine  
  114  9:48  Barracks Tech Lab, Widow Mine  
  117  9:54  Widow Mine  
  117  9:55  SCV  
  117  9:56  SCV  
  117  9:57  Marine  
  128  10:01  Fusion Core, SCV  
  128  10:03  Marine x4  
  128  10:04  Marauder  
  138  10:08  SCV  
  138  10:11  Marauder, Marine x2, Planetary Fortress  
  138  10:13  SCV x2  
  145  10:15  Refinery  
  145  10:18  Supply Depot  
  145  10:19  Marine x2  
  145  10:20  SCV  
  148  10:24  Liberator x2  
  148  10:25  Marauder, Marine, SCV  
  152  10:33  Marauder  
  152  10:37  Widow Mine x2  
  152  10:39  Marine  
  152  10:40  SCV, Marine  
  156  10:43  SCV, Marine x4  
  156  10:44  SCV  
  156  10:46  Marauder  
  143  10:52  SCV, Marine x2  
  143  10:54  Marine, SCV  
  135  10:57  Marine  
  135  10:58  Marine  
  135  11:01  Marine x2  
  131  11:08  Marine  
  131  11:09  Marine, SCV  
  131  11:10  Widow Mine x2  
  135  11:11  SCV  
  135  11:13  SCV  
  135  11:16  Marine x2  
  113  11:28  SCV  
  113  11:32  Marine x4  
  96  11:33  Marauder, SCV  
  96  11:34  SCV  
  103  11:43  SCV  
  78  11:48  Marine x5  
  78  11:49  Unknown x3  
  78  11:52  SCV  
  75  11:58  SCV  
  75  12:00  SCV  
  73  12:04  Marine  
  71  12:12  Marine x3  
  71  12:14  SCV  
  75  12:19  Widow Mine  
  75  12:21  Marine  
  78  12:31  SCV x3  
  78  12:32  SCV  
  78  12:35  Marine  
  83  12:38  Marine  
  83  12:41  Marine  
  83  12:43  Marine, SCV x2  
  88  12:47  Marine  
  88  12:48  SCV  
  88  12:54  Widow Mine x2  
  88  12:55  SCV  
  88  12:56  Marine  
  94  13:07  Marine x5  
  105  13:25  SCV x2  
Tags
 
Add a new tag
Caveats
  • Supply blocks, unpowered buildings, or Contaminate may cause inaccurate times.
  • Supply counts are checked every 10 seconds.